 Dungeon Crawl Stone Soup version 0.31.0-32-g396128a36d (webtiles) character file.

Game seed: 15123400174196277841

1134 poire the Magician (level 7, -1/56 HPs)
             Began as a Demigod Summoner on Apr 11, 2024.
             Killed from afar by an electric eel (10 damage)
             ... with a bolt of electricity
             ... on level 6 of the Dungeon.
             The game lasted 00:14:48 (5857 turns).

poire the Magician (Demigod Summoner)               Turns: 5857, Time: 00:14:48

Health: -1/56      AC:  5    Str:  7 (9)  XL:     7   Next: 90%
Magic:  17/22      EV: 12    Int: 23 (25) God:
Gold:   241        SH:  0    Dex: 13 (14) Spells: 7/21 levels left

rFire   . . .        (no weapon)
rCold   x . .        (no shield)
rNeg    + . .        a - +1 robe
rPois   +            j - +0 helmet of Hadjma {rPois rC- rN+}
rElec   .            v - +0 cloak
rCorr   .            l - +0 pair of gloves
SInv    +            (no boots)
Will    .....        h - amulet of regeneration
Stlth   ++           m - ring of wizardry
HPRegen 1.09/turn    d - ring of poison resistance
MPRegen 0.18/turn

%: wizardry (x1)
@: inugami summoned
A: high MP 1, forlorn, divine attributes, see invisible, deformed body
a: no special abilities


You were on level 6 of the Dungeon.
You visited 1 branch of the dungeon, and saw 6 of its levels.

You collected 241 gold pieces.

Inventory:

Armour
 a - a +1 robe (worn)
 j - the +0 helmet of Hadjma (worn) {rPois rC- rN+}
   (You found it on level 4 of the Dungeon)

   rC-:       It makes you vulnerable to cold.
   rPois:     It protects you from poison rN+: It protects you from negative
   energy.
 l - a +0 pair of gloves (worn)
 v - a +0 cloak (worn)
Jewellery
 d - a ring of poison resistance (right hand)
 f - a ring of positive energy
 h - an amulet of regeneration (around neck)
 m - a ring of wizardry (left hand)
Scrolls
 u - a scroll of vulnerability
Potions
 b - 2 potions of magic
 c - a potion of lignification {unknown}
 e - a potion of haste {unknown}
 g - 2 potions of brilliance
 i - 3 potions of resistance
 k - 2 potions of heal wounds {unknown}
 o - a potion of degeneration
 p - a potion of enlightenment {unknown}
 r - a potion of cancellation {unknown}
 t - a potion of mutation


   Skills:
 + Level 2.5 Fighting
 - Level 1.7 Dodging
 - Level 1.7 Stealth
 + Level 7.9 Spellcasting
 - Level 3.6 Summonings


You had 7 spell levels left.
You knew the following spells:

 Your Spells              Type           Power      Damage    Failure   Level
a - Summon Small Mammal   Summ           100%       N/A       1%          1
b - Call Imp              Summ           50%        N/A       1%          2
c - Call Canine Familiar  Summ           25%        N/A       1%          3
d - Martyr's Knell        Necr/Summ      17%        N/A       13%         4
e - Summon Blazeheart Go  Fire/Summ      17%        N/A       13%         4

Your spell library contained the following spells:

 Spells                   Type           Power      Damage    Failure   Level
 Necrotise                Necr           36%        1d5       2%          1
 Slow                     Hex            36%        N/A       2%          1
 Cigotuvi's Dreadful Rot  Necr/Alch/Air  18%        N/A       4%          2
 Confusing Touch          Hex            9%         N/A       9%          3
 Sigil of Binding         Hex            9%         N/A       9%          3
 Vampiric Draining        Necr           9%         2d6       9%          3
 Summon Lightning Spire   Summ/Air       17%        N/A       13%         4
 Dispel Undead            Necr           9%         3d8       26%         4
 Curse of Agony           Necr           9%         N/A       58%         5
 Death Channel            Necr           4%         N/A       98%         6


Dungeon Overview and Level Annotations

Branches:
Dungeon (6/15)
 Temple: D:4-7

Annotations:
D:6 Pikel


Innate Abilities, Weirdness & Mutations

You have an increased reservoir of magic. (+10% MP)
You shall have no god before yourself.
Your divine heritage dramatically boosts your attributes as you level up.
You have supernaturally acute eyesight. (SInv)
Armour fits poorly on your strangely shaped body.


Message History

Confirm with . or Enter, or press ? or * to list all spells.
You call for your canine familiar and it appears with a howl!
Your bat hits the electric eel but does no damage.
Your bat completely misses the electric eel.
Your cerulean imp closely misses the electric eel.
Unknown command.
Unknown command.
You hit the electric eel.
The electric eel is lightly wounded.
Your bat barely misses the electric eel.
The electric eel shoots out a bolt of lightning at you!
The bolt of electricity hits you! x2
* * * LOW HITPOINT WARNING * * *
The bolt of electricity hits the electric eel.
The electric eel completely resists.
Your cerulean imp misses the electric eel.
You catch the helpless electric eel completely off-guard!
You hit the electric eel but do no damage.
The electric eel is lightly wounded.
Your bat hits the electric eel.
Your cerulean imp hits the electric eel from afar with a -2 spear.
Unknown command.
Unknown command.
Unknown command.
It was a potion of degeneration.
There was something very wrong with that liquid.
You feel weakened.
You feel dopey.
You feel clumsy.
Your bat hits the electric eel but does no damage.
Your bat barely misses the electric eel.
Your inugami barely misses the electric eel.
Your cerulean imp hits the electric eel from afar with a -2 spear.
It was a potion of mutation.
You feel extremely strange.
Your body twists and deforms.
Your vision sharpens.
Your bat hits the electric eel.
Your inugami closely misses the electric eel.
The electric eel shoots out a bolt of lightning at you!
The bolt of electricity hits you!
* * * LOW HITPOINT WARNING * * *
The bolt of electricity hits you!
You die...

.......[.....#
~~~.~≈~~~..#
~~~~.≈≈≈≈~..#
≈~.≈≈≈≈~..#
≈≈.~~~~~..#
≈~........#
....~~~5..#
~≈~.≈≈≈h..#
≈~.~≈≈S@.#
≈≈.~≈≈b..#
~~.~~~~..#
........##
#########


You could see an electric eel (ally target), a friendly cerulean imp (summoned),
a friendly inugami (summoned) and a friendly bat (summoned).

Vanquished Creatures
  A black bear (D:4)
  2 gnolls (D:5)
  An orc (D:3)
  5 bats
  2 goblins
  A hobgoblin (D:3)
  2 jackals
  A kobold (D:4)
  2 ball pythons
  2 rats
19 creatures vanquished.

Vanquished Creatures (collateral kills)
  Grinder (D:6)
  Menkaure (D:5)
  An ogre (D:5)
  A lemure (D:6)
  A phantom (D:5)
  A bullfrog (D:6)
  A howler monkey (D:5)
  3 jellies
  2 hounds (D:5)
  2 sleepcaps (D:5)
  An orc wizard (D:5)
  An iguana (D:4)
  5 gnolls
  3 adders
  A shadow imp (D:6)
  2 white imps
  2 ufetubi
  A ribbon worm (D:3)
  2 dart slugs (D:3)
  11 orcs
  8 endoplasms
  2 goblins
  3 hobgoblins
  4 jackals
  3 kobolds
  2 quokkas (D:5)
  3 ball pythons
  A bat (D:3)
  A frilled lizard (D:1)
70 creatures vanquished.

Grand Total: 89 creatures vanquished

Notes
Turn   | Place    | Note
-------+----------+-------------------------------------------
     0 | D:1      | poire the Demigod Summoner began the quest for the Orb.
     0 | D:1      | Reached XP level 1. HP: 14/14 MP: 5/5
   293 | D:1      | Reached skill level 2 in Spellcasting
   705 | D:1      | Reached XP level 2. HP: 20/20 MP: 5/8
  1142 | D:2      | Learned a level 2 spell: Call Imp
  1503 | D:2      | You fall into a shaft and drop 2 floors!
  1561 | D:4      | Reached skill level 3 in Spellcasting
  1643 | D:3      | Reached XP level 3. HP: 25/26 MP: 8/10
  1659 | D:3      | Learned a level 3 spell: Call Canine Familiar
  2593 | D:4      | Identified the +0 helmet of Hadjma {rPois rC- rN+}
  2616 | D:4      | Reached XP level 4. HP: 34/34 MP: 9/12
  2689 | D:4      | Noticed a black bear
  2711 | D:4      | Killed a black bear
  2712 | D:4      | Reached skill level 1 in Fighting
  2712 | D:4      | Reached skill level 4 in Spellcasting
  2712 | D:4      | Reached XP level 5. HP: 35/40 MP: 7/14
  3499 | D:5      | Entered Level 5 of the Dungeon
  3517 | D:5      | Noticed an ogre
  3531 | D:5      | Killed an ogre
  3532 | D:5      | Reached skill level 5 in Spellcasting
  3589 | D:5      | Reached XP level 6. HP: 47/47 MP: 10/17
  3594 | D:5      | Learned a level 4 spell: Martyr's Knell
  3599 | D:5      | Learned a level 4 spell: Summon Blazeheart Golem
  3900 | D:5      | Reached skill level 6 in Spellcasting
  3943 | D:5      | Noticed Menkaure
  3949 | D:5      | Killed Menkaure
  4001 | D:5      | Reached XP level 7. HP: 35/53 MP: 13/20
  4945 | D:5      | Reached skill level 7 in Spellcasting
  5416 | D:6      | Noticed Grinder
  5419 | D:6      | Paralysed by Grinder for 2 turns
  5426 | D:6      | Killed Grinder
  5580 | D:6      | Noticed Pikel
  5857 | D:6      | Gained mutation: Armour fits poorly on your strangely
                  | shaped body. [potion of mutation]
  5857 | D:6      | Gained mutation: You have supernaturally acute eyesight.
                  | (SInv) [potion of mutation]
  5857 | D:6      | Killed from afar by an electric eel

Illustrated notes

Levels and vault maps discovered:
D:1:      nicolae_arrival_somewhat_less_tricky_arrival, layout_rooms,
          minmay_pentomino_u2
D:2:      layout_loops_ring, serial_shops, nicolae_shop_back_alley_shop,
          shapermc_ecumenical_altar_mp_vishouse
D:3:      layout_rooms
D:4:      layout_rooms
D:5:      layout_gridville, nrook_campfire, kennysheep_generic_room_9,
          uniq_menkaure
D:6:      layout_basic, minivault_14, uniq_grinder, uniq_pikel

Skill      XL: |  1  2  3  4  5  6  7 |
---------------+----------------------+-----
Spellcasting   | 2 3 4 5 6 7 |  7.9
Fighting       | 1 2 |  2.5
Dodging        | |  1.7
Stealth        | |  1.7
Summonings     | |  3.6

Action                     |  1- 3 |  4- 6 |  7- 9 || total
---------------------------+-------+-------+-------++-------
  Melee: Unarmed           |   174 |    47 |   115 ||   336
   Cast: Summon Small Mamm |    59 |    23 |    32 ||   114
         Call Imp          |    13 |    13 |    17 ||    43
         Call Canine Famil |       |     8 |    12 ||    20
         Martyr's Knell    |       |       |     1 ||     1
  Evoke: Wand              |       |     3 |     2 ||     5
    Use: Scroll            |     3 |     4 |     3 ||    10
         Potion            |       |       |     2 ||     2
   Stab: Distracted        |     3 |       |     2 ||     5
 Armour: Robe              |   127 |    36 |   138 ||   301
  Dodge: Dodged            |   154 |    37 |   122 ||   313
